 Dungeon Crawl Stone Soup version 0.18.1-50-g88ac8fd (webtiles) character file.

3073 Amnesiac the Fortune-Teller (level 9, -10/64 HPs)
             Began as a Merfolk Fighter on Mar 10, 2018.
             Was a Believer of Nemelex Xobeh.
             Killed by divine providence
             ... invoked by an orc priest
              (14 damage)
             ... on level 8 of the Dungeon.
             The game lasted 00:16:44 (7609 turns).

Amnesiac the Fortune-Teller (Merfolk Fighter)       Turns: 7609, Time: 00:16:44

Health: -10/64     AC:  7    Str: 20    XL:     9   Next: 88%
Magic:  17/17      EV:  7    Int: 11    God:    Nemelex Xobeh [**....]
Gold:   665        SH: 10    Dex: 13    Spells: 3 memorised, 0 levels left

rFire  . . .     SeeInvis .     i - +2 rapier (elec)
rCold  . . .     Gourm    .     b - +0 scale mail
rNeg   . . .     Faith    .     c - +1 shield
rPois  .         Spirit   .     t - +0 helmet
rElec  .         Dismiss  .     (no cloak)
rCorr  .         Reflect  .     (no gloves)
SustAt .         Harm     .     (no boots)
MR     .....                    B - amulet of magic regeneration
Stlth  ..........               C - ring of wizardry
                                e - +4 ring of intelligence

@: slowed, very slow, not resistant to hostile enchantments, extremely
unstealthy
A: change form in water, swift swim
a: Renounce Religion


You were on level 8 of the Dungeon.
You worshipped Nemelex Xobeh.
Nemelex Xobeh was pleased with you.
You were not hungry.

You visited 2 branches of the dungeon, and saw 9 of its levels.
You also visited: Ossuary.

You collected 665 gold pieces.

Inventory:

Hand Weapons
 i - a +2 rapier of electrocution (weapon)
Missiles
 l - 6 poisoned tomahawks (quivered)
 p - 12 javelins
 A - 5 needles of confusion
 F - 9 poisoned needles
Armour
 b - a +0 scale mail (worn)
 c - a +1 shield (worn)
 t - a +0 helmet (worn)
 z - a +0 buckler
Jewellery
 e - a +4 ring of intelligence (left hand)
 B - an amulet of magic regeneration (around neck)
 C - a ring of wizardry (right hand)
Wands
 D - a wand of hasting (6/9)
 E - a wand of iceblast (8/15)
 O - a wand of iceblast (8/15)
Scrolls
 j - a scroll of enchant armour {!r}
 o - a scroll of fear {!r}
 w - 2 scrolls of magic mapping {!r}
 x - 4 scrolls of teleportation {!r}
 y - 3 scrolls of fog {!r}
 K - a scroll of remove curse {!r}
 N - a scroll of enchant weapon {!r, unknown}
Potions
 d - 3 potions of might {!q}
 g - 3 potions of cancellation {!q, unknown}
 h - a potion of experience {!q, unknown}
 k - 2 potions of magic {!q, unknown}
 q - 3 potions of curing {!q}
 r - a potion of ambrosia {!q, unknown}
 v - 4 potions of heal wounds {!q, unknown}
 H - 2 potions of flight {!q, unknown}
 I - a potion of haste {!q}
 J - 3 potions of resistance {!q, unknown}
 L - 2 potions of agility {!q}
 P - a potion of mutation {!q, unknown}
Books
 Q - a book of Transfigurations

   Spells                             Type                      Level
   a - Irradiate                      Conjuration/Transmutation    5
   b - Statue Form                    Transmutation/Earth          6
   c - Hydra Form                     Transmutation                6
   d - Dragon Form                    Transmutation                7
Miscellaneous
 n - a plain deck of destruction
Comestibles
 a - 3 chunks of flesh
 f - 8 bread rations
 m - 3 meat rations
 s - a royal jelly
 u - 8 slices of pizza
 G - 11 fruits
 M - 2 beef jerkies


   Skills:
 - Level 3.2 Fighting
 - Level 8.0 Short Blades
 - Level 2.1 Armour
 - Level 3.0 Shields
 + Level 11.5 Evocations


You couldn't memorise any spells.
You knew the following spells:

 Your Spells              Type           Power        Failure   Level  Hunger
a - Cure Poison           Pois           #.........   99%         2    ###....
e - Mephitic Cloud        Conj/Pois/Air  #.......     100%        3    ####...
s - Conjure Flame         Conj/Fire      #.......     100%        3    ####...


Dungeon Overview and Level Annotations

Branches:
Dungeon (8/15)             Temple (1/1) D:7
   Lair: D:8-11

Altars:
Ashenzari
Cheibriados
Dithmenos
Elyvilon
Fedhas
Gozag
Kikubaaqudgha
Makhleb
Nemelex Xobeh
Okawaru
Pakellas
Qazlal
Ru
Sif Muna
Trog
Vehumet
Xom
Zin
The Shining One


Message History

The orc priest hits you but does no damage.
The orc priest barely misses you.
The orc wizard hits you but does no damage.
You hit the orc priest.
There is a sudden explosion of sparks!
You kill the orc priest!
The orc priest hits you with a short sword.
* * * LOW HITPOINT WARNING * * *
You hear some strange, mumbled words.
You are confused.
The orc wizard gestures at you while chanting.
The magic dart hits you!
* * * LOW HITPOINT WARNING * * *
You miss the orc priest.
The orc priest hits you but does no damage.
You're too confused to move!
The orc wizard closely misses you. The orc priest barely misses you.
Something hits you but does no damage.
You barely miss the orc priest.
The orc wizard hits you but does no damage.
The orc priest hits you but does no damage.
Drink which item? (? for menu, Esc to quit)
Really quaff
q - 5 dark potions {!q}?
It was a potion of curing {!q}.
You feel better. You block something's attack.
The orc wizard gestures wildly while chanting.
The orc wizard blinks!
The orc priest hits you but does no damage.
You closely miss the orc priest. Something hits you.
* * * LOW HITPOINT WARNING * * *
The orc wizard gestures at you while chanting.
You feel yourself slow down. You block the orc priest's attack.
You barely miss the orc priest. Something hits you but does no damage.
You block the orc priest's attack. Something hits you but does no damage.
You hit the orc priest.
There is a sudden explosion of sparks!
The orc priest is almost dead.
The orc priest casts a cantrip, but nothing happens.
Something hits you.
* * * LOW HITPOINT WARNING * * *
Your shield and scale mail prevent you from hitting the orc priest.
The orc priest is almost dead.
The orc priest hits you with a short sword.
* * * LOW HITPOINT WARNING * * *
You hear some strange, mumbled words.
Something tries to affect you, but you resist.
You block the orc wizard's attack.
The orc priest calls down the wrath of Beogh upon you.
Beogh smites you!
* * * LOW HITPOINT WARNING * * *
You closely miss the orc priest.
The orc priest is almost dead.
You hear some strange, mumbled words.
A puff of flame appears from out of thin air!
The puff of flame hits you!
* * * LOW HITPOINT WARNING * * *
You block the orc wizard's attack. You block the orc priest's attack.
Drink which item? (? for menu, Esc to quit)
Really quaff
q - 4 potions of curing {!q}?
You feel better. Something hits you.
* * * LOW HITPOINT WARNING * * *
The orc wizard points at you and mumbles some strange words.
The magic dart hits you!
* * * LOW HITPOINT WARNING * * *
The orc priest calls down the wrath of Beogh upon you.
Beogh smites you!
You die...
Your body glows slightly and disappears.

♣⌠.................#..
.♣..................###.
........##....###.o##...
........#..##.....##..#.
........#.####...##.....
................##.[..
#.....###.###...#...
......###.###..)#{#.#.#.
#.......#.#....o@......#
#.#.....#...#....o..##..
#.#.......####......##.
..#.......###......#....
.....................)...
##.......................
..........##<..........#
.##......####..........#
.##...>..# ##........#


You could see an orc priest and an orc wizard.

Vanquished Creatures
  Pikel (D:5)
  A human (D:7)
  Menkaure (D:5)
  4 slaves (D:5)
  A sky beast (D:5)
  3 orc warriors
  An ice beast (D:6)
  A necrophage (D:7)
  3 centaurs
  An ogre (D:6)
  The ghost of Amnesiac the Cutter, an amateur MfFi (D:4)
  2 scorpions
  A killer bee (D:5)
  3 wights (D:6)
  4 howler monkeys
  4 crimson imps
  2 hounds
  7 orc wizards
  2 orc priests
  An iguana (D:5)
  A worker ant (D:7)
  4 sheep (D:7)
  A hound zombie (D:7)
  A hound skeleton (D:7)
  5 mummies
  3 gnolls (D:6)
  12 adders
  An adder zombie (D:8)
  4 worms
  2 dart slugs
  2 giant geckos
  26 orcs
  5 giant cockroaches
  9 hobgoblins
  16 jackals
  4 kobolds
  7 quokkas
  5 bats
  5 giant newts
  A gnoll skeleton (Ossuary)
  3 gnoll zombies (Ossuary)
  12 goblins
  3 goblin skeletons (Ossuary)
  2 goblin zombies
  2 hobgoblin skeletons (Ossuary)
  2 hobgoblin zombies (Ossuary)
  A jackal skeleton (D:6)
  2 kobold skeletons (Ossuary)
  2 kobold zombies (Ossuary)
  4 orc skeletons (Ossuary)
  2 orc zombies
  A quokka skeleton (D:8)
  6 rats
  3 rat skeletons (Ossuary)
  2 rat zombies (Ossuary)
  A fungus (D:7)
206 creatures vanquished.

Vanquished Creatures (collateral kills)
  An ogre (D:5)
1 creature vanquished.

Vanquished Creatures (others)
  A giant newt (D:5)
  A gnoll skeleton (Ossuary)
  A gnoll zombie (Ossuary)
  2 goblin skeletons (Ossuary)
  3 goblin zombies (Ossuary)
  3 hobgoblin skeletons (Ossuary)
  A hobgoblin zombie (Ossuary)
  A kobold skeleton (Ossuary)
  4 kobold zombies (Ossuary)
  An orc skeleton (Ossuary)
  3 orc zombies (Ossuary)
  2 rat skeletons (Ossuary)
  2 rat zombies (Ossuary)
25 creatures vanquished.

Grand Total: 232 creatures vanquished

Notes
Turn   | Place    | Note
--------------------------------------------------------------
     0 | D:1      | Amnesiac the Merfolk Fighter began the quest for the Orb.
     0 | D:1      | Reached XP level 1. HP: 18/18 MP: 1/1
   132 | D:2      | Found a glowing golden altar of the Shining One.
   228 | D:3      | Reached XP level 2. HP: 24/24 MP: 2/2
   314 | D:3      | Reached XP level 3. HP: 15/29 MP: 3/3
   600 | D:4      | Reached skill level 5 in Short Blades
   600 | D:4      | Reached XP level 4. HP: 35/35 MP: 4/4
   620 | D:5      | Entered Level 5 of the Dungeon
   632 | D:5      | Noticed a sky beast
   822 | D:3      | Noticed an orc warrior
   979 | D:4      | Noticed an ogre
   999 | D:3      | Found an iron altar of Okawaru.
  1650 | D:4      | Found a sparkling altar of Nemelex Xobeh.
  1688 | D:4      | Became a worshipper of Nemelex Xobeh the Trickster
  1730 | D:4      | Reached skill level 1 in Evocations
  1730 | D:4      | Reached XP level 5. HP: 34/41 MP: 5/5
  1758 | D:4      | Reached skill level 2 in Evocations
  2009 | D:1      | Received a gift from Nemelex Xobeh
  2577 | D:2      | Reached skill level 3 in Evocations
  2649 | D:2      | Reached XP level 6. HP: 36/47 MP: 8/8
  2960 | D:2      | Found a deep blue altar of Sif Muna.
  3023 | D:2      | Reached * piety under Nemelex Xobeh
  3748 | D:3      | Killed an orc warrior
  3748 | D:3      | Reached skill level 4 in Evocations
  4042 | D:4      | Noticed Amnesiac's ghost (amateur MfFi)
  4048 | D:4      | Killed Amnesiac's ghost
  4048 | D:4      | Reached skill level 5 in Evocations
  4048 | D:4      | Reached XP level 7. HP: 52/52 MP: 10/10
  4161 | D:4      | Learned a level 2 spell: Cure Poison
  4165 | D:4      | Learned a level 3 spell: Mephitic Cloud
  4329 | D:5      | Received a gift from Nemelex Xobeh
  4372 | D:5      | Reached skill level 6 in Evocations
  4510 | D:5      | Noticed Menkaure
  4515 | D:5      | Killed Menkaure
  4529 | D:5      | Reached skill level 7 in Evocations
  4551 | D:5      | Reached XP level 8. HP: 43/58 MP: 13/13
  4750 | D:5      | Noticed Pikel
  4758 | D:5      | Killed Pikel
  4758 | D:5      | Reached skill level 9 in Evocations
  5124 | D:6      | Found a sand-covered staircase.
  5130 | Ossuary  | Entered an ossuary
  5527 | D:6      | Found a burning altar of Makhleb.
  5551 | D:6      | Found a shadowy altar of Dithmenos.
  5556 | D:6      | Reached XP level 9. HP: 46/64 MP: 15/15
  5762 | D:6      | Learned a level 3 spell: Conjure Flame
  5992 | D:6      | Reached skill level 10 in Evocations
  6246 | D:6      | Found a snail-covered altar of Cheibriados.
  6275 | D:6      | Reached ** piety under Nemelex Xobeh
  6479 | D:6      | Found an ancient bone altar of Kikubaaqudgha.
  6489 | D:6      | Found a blossoming altar of Fedhas.
  6499 | D:6      | Found a shimmering altar of Xom.
  6502 | D:6      | Found a sacrificial altar of Ru.
  6991 | D:7      | Reached skill level 11 in Evocations
  7091 | D:7      | Received a gift from Nemelex Xobeh
  7101 | D:7      | Found a shattered altar of Ashenzari.
  7162 | D:7      | Found a staircase to the Ecumenical Temple.
  7169 | Temple   | Entered the Ecumenical Temple
  7440 | D:8      | Found an opulent altar of Gozag.
  7608 | D:8      | HP: 1/64 [something/puff of flame (10)]
  7609 | D:8      | Killed from afar by an orc priest

Skill      XL: |  1  2  3  4  5  6  7  8  9 |
---------------+----------------------------+-----
Short Blades   | 3 4 5 6 7 8 |  8.0
Evocations     | 1 3 5 7 9 11 | 11.5
Fighting       | |  3.2
Armour         | |  2.1
Shields        | |  3.0

Action                   |  1- 3 |  4- 6 |  7- 9 || total
-------------------------+-------+-------+-------++-------
Melee: Rapier            |    48 |   360 |   383 ||   791
Throw: Javelin           |     7 |       |       ||     7
       Tomahawk          |       |       |     1 ||     1
Evoke: Deck              |       |     1 |    15 ||    16
  Use: Scroll            |       |    12 |     4 ||    16
       Potion            |       |     1 |     2 ||     3
 Stab: Distracted        |       |       |     1 ||     1
  Eat: Chunk             |       |    11 |    12 ||    23
Armor: Scale mail        |    22 |    97 |   105 ||   224
Dodge: Dodged            |    13 |    60 |    66 ||   139
Block: Shield            |    27 |   160 |   126 ||   313
